Map: Ruins of Endion

Players

viOlet

  • Race: Zerg Zerg

Iaguz - Winner!

  • Race: Terran Terran

Event: DreamHack Open Tours WCS Spring Championship

VOD

https://www.youtube.com/watch?v=fnJR-9iyvIg

Description

Time

  • Played on: May 15, 2016, 9:24 a.m.
  • Length: 6:07

All games in this series

Show
View Real Time Build Order
Export as new Build Order

viOlet Zerg 

Build Orders: Hatch First 

Get SALT Encoding   

  12  0:00  Drone  
  13  0:13  Overlord  
  13  0:18  Drone  
  14  0:31  Drone  
  14  0:32  Drone  
  17  0:35  Drone  
  17  0:53  Hatchery  
  17  0:54  Drone  
  17  0:58  Drone  
  18  1:09  Extractor  
  17  1:13  Spawning Pool  
  17  1:15  Drone  
  17  1:22  Drone  
  18  1:32  Drone  
  19  1:46  Overlord  
  19  1:58  Drone  
  19  2:00  Queen  
  22  2:04  Queen  
  22  2:05  Zergling x4  
  26  2:14  Metabolic Boost  
  26  2:16  Drone x2  
  28  2:28  Drone  
  29  2:30  Drone  
  29  2:36  Drone  
  30  2:41  Queen  
  32  2:46  Overlord  
  32  2:47  Drone  
  32  2:49  Drone  
  34  2:55  Drone  
  35  3:02  Drone  
  36  3:06  Drone  
  36  3:09  Lair  
  36  3:11  Drone  
  38  3:13  Drone x3  
  38  3:15  Drone x2  
  43  3:21  Overlord  
  43  3:24  Drone  
  44  3:31  Overlord  
  44  3:32  Extractor  
  43  3:38  Drone  
  44  3:42  Drone  
  44  3:43  Drone x2  
  44  3:44  Drone x2  
  44  3:45  Extractor  
  44  3:47  Extractor  
  47  3:49  Drone, Overlord  
  47  3:50  Drone x2  
  47  3:52  Queen  
  52  4:04  Drone x3  
  52  4:08  Spire  
  54  4:12  Drone  
  54  4:14  Drone x2  
  54  4:15  Overlord  
  57  4:21  Overlord  
  56  4:34  Hatchery  
  55  4:40  Zergling x12  
  61  4:53  Drone  
  61  4:54  Drone x5  
  61  4:58  Evolution Chamber  
  61  4:59  Evolution Chamber  
  65  5:00  Baneling Nest  
  64  5:12  Overlord x2  
  64  5:21  Mutalisk x3  
  64  5:23  Mutalisk x2  
  64  5:24  Mutalisk  
  76  5:29  Overlord x2  
  76  5:31  Mutalisk  
  71  5:43  Baneling x3  
Show
View Real Time Build Order
Export as new Build Order

Iaguz Terran - Winner!

Build Orders: Reaper Expand 

Get SALT Encoding   

  12  0:00  SCV  
  13  0:12  SCV  
  14  0:17  Supply Depot  
  14  0:25  SCV  
  15  0:39  SCV  
  15  0:40  Barracks  
  16  0:45  Refinery  
  16  0:51  SCV  
  17  1:03  SCV  
  18  1:15  SCV  
  19  1:27  Orbital Command  
  19  1:29  Reaper  
  20  1:39  Command Center  
  20  1:50  Barracks  
  20  1:53  SCV  
  21  2:01  Supply Depot  
  21  2:03  Marine  
  21  2:08  SCV  
  23  2:14  Refinery  
  24  2:22  SCV, Barracks Reactor  
  24  2:34  SCV  
  25  2:38  Barracks Tech Lab  
  25  2:48  SCV  
  26  2:52  Orbital Command  
  26  2:57  Marine  
  27  3:00  Marine x2, Factory  
  27  3:01  Stimpack  
  27  3:02  SCV  
  30  3:14  SCV  
  30  3:15  Marine  
  30  3:16  Bunker  
  30  3:18  Marine  
  30  3:19  SCV  
  34  3:21  Marine  
  34  3:26  SCV  
  36  3:31  SCV, Supply Depot  
  36  3:33  Marine  
  38  3:36  Marine  
  38  3:39  Marine  
  40  3:41  SCV  
  40  3:47  Starport  
  41  3:48  Factory Reactor  
  41  3:50  SCV  
  41  3:51  Marine  
  41  3:53  SCV  
  44  3:57  Marine  
  44  3:58  Marine  
  45  4:03  SCV  
  45  4:06  Supply Depot  
  45  4:08  Supply Depot  
  46  4:10  Marine  
  46  4:13  SCV  
  46  4:15  Marine  
  49  4:18  SCV  
  49  4:24  Marine  
  50  4:25  SCV  
  50  4:30  SCV  
  53  4:35  Medivac x2  
  53  4:36  Marine x2  
  53  4:37  SCV  
  60  4:45  Marine  
  61  4:46  SCV  
  61  4:51  SCV  
  61  4:52  Command Center  
  63  4:55  Marine  
  63  4:56  Marine  
  65  5:02  SCV  
  65  5:03  Marine, SCV  
  65  5:05  Supply Depot  
  65  5:06  Supply Depot  
  68  5:15  SCV, Engineering Bay  
  68  5:16  SCV  
  68  5:17  Engineering Bay  
  68  5:19  Refinery  
  70  5:27  Marine x3, SCV  
  74  5:31  SCV, Refinery  
  74  5:33  Medivac  
  77  5:44  SCV, Marine x2  
  77  5:45  Marine  

Tags
 
Add a new tag
Caveats
  • Supply blocks, unpowered buildings, or Contaminate may cause inaccurate times.
  • Supply counts are checked every 10 seconds.